 Dungeon Crawl Stone Soup version 0.29.1-12-g30fa7ad0bf (webtiles) character file.

Game seed: 9509713449132635982

212 FexLirch the Digger (level 6, 0/45 HPs)
             Began as a Meteoran Earth Elementalist on Jan 15, 2023.
             Was an Initiate of Cheibriados.
             Slain by a black bear (2 damage)
             ... on level 4 of the Dungeon.
             The game lasted 00:06:48 (836 turns).

FexLirch the Digger (Meteoran Earth Elementalist)    Turns: 836, Time: 00:06:49

Health: 0/45       AC:  4    Str: 10    XL:     6   Next: 37%
Magic:  9/14       EV: 12    Int: 19    God:    Cheibriados [......]
Gold:   55         SH:  0    Dex: 17    Spells: 8/14 levels left

rFire   . . .      SeeInvis .   f - +0 short sword
rCold   . . .      Faith    .   (no shield)
rNeg    . . .      Spirit   .   c - +0 leather armour
rPois   .          Reflect  .   (no helmet)
rElec   .          Harm     .   (no cloak)
rCorr   .          Rampage  .   (no gloves)
Will    .....                   r - +0 pair of boots
Stlth   +.........              (no amulet)
HPRegen 0.15/turn               (no ring)
MPRegen 0.14/turn               (no ring)

@: very slightly contaminated, glowing, very slow
A: sense surroundings 1, otherworldly, glowing, explore regen
a: Renounce Religion


You were on level 4 of the Dungeon.
You worshipped Cheibriados.
Cheibriados was noncommittal.
You visited 2 branches of the dungeon, and saw 5 of its levels.

You collected 55 gold pieces.

Inventory:

Hand Weapons
 f - a +0 short sword (weapon)
Armour
 a - a +0 robe
 c - a +0 leather armour (worn)
 r - a +0 pair of boots (worn)
Jewellery
 j - a ring of fire
Wands
 l - a wand of iceblast (8)
Scrolls
 g - 2 scrolls of poison {unknown}
 h - a scroll of blinking {unknown}
 n - 2 scrolls of identify {unknown}
 o - a scroll of noise {unknown}
 q - a scroll of fog {unknown}
Potions
 b - a potion of magic
 d - a potion of flight {unknown}
 e - a potion of heal wounds
 i - a potion of mutation {unknown}
 k - a potion of brilliance {unknown}
 m - a potion of haste {unknown}
 p - 2 potions of degeneration {unknown}


   Skills:
 - Level 2.4 Dodging
 - Level 1.4 Stealth
 + Level 4.7 Spellcasting
 + Level 3.6 Conjurations
 - Level 1.2 Transmutations
 + Level 5.2 Earth Magic


You had 8 spell levels left.
You knew the following spells:

 Your Spells              Type           Power      Damage    Failure   Level
a - Sandblast             Erth           48%        2d12      1%          1
b - Passwall              Tmut/Erth      13%        N/A       7%          2
c - Stone Arrow           Conj/Erth      42%        3d9       9%          3

Your spell library contained the following spells:

 Spells                   Type           Power      Damage    Failure   Level
 Ensorcelled Hibernation  Hex/Ice        8%         N/A       26%         2
 Petrify                  Tmut/Erth      16%        N/A       41%         4
 Gell's Gravitas          Tloc           4%         N/A       45%         3
 Portal Projectile        Hex/Tloc       8%         N/A       45%         3
 Swiftness                Air            4%         N/A       45%         3
 Chain Lightning          Conj/Air       5%         3d7       100%        9


Dungeon Overview and Level Annotations

Branches:
Dungeon (4/15) Zot: 2585   Temple (1/1) D:4 Zot: 697

Altars:
Ashenzari
Cheibriados
Dithmenos
Elyvilon
Fedhas
Hepliaklqana
Kikubaaqudgha
Makhleb
Ru
Sif Muna
Zin
The Shining One


Innate Abilities, Weirdness & Mutations

You passively map a small area around you.
You are easily found by Zot.
You glow in the dark.
You regain HP and MP as you explore.


Message History

The black bear bites you. The black bear closely misses you.
The black bear claws you but does no damage.
The black bear bites you.
The black bear claws you but does no damage.
The black bear claws you.
Casting: Passwall (safe; 7% risk of failure)
Confirm with . or Enter, or press ? or * to list all spells.
Aiming: Passwall (safe; 7% risk of failure)
Press: ? - help, Dir - move target A rock wall.
You miscast Passwall.
You are very lightly contaminated with residual magic.
Nothing appears to happen.
The black bear bites you.
* * * LOW HITPOINT WARNING * * *
The black bear closely misses you. The black bear completely misses you.
Unknown command.
Casting: Passwall (safe; 7% risk of failure)
Confirm with . or Enter, or press ? or * to list all spells.
Aiming: Passwall (safe; 7% risk of failure)
Press: ? - help, Dir - move target A rock wall.
You miscast Passwall.
Nothing appears to happen.
The black bear bites you.
* * * LOW HITPOINT WARNING * * *
The black bear claws you.
* * * LOW HITPOINT WARNING * * *
The black bear claws you but does no damage.
Unknown command.
Casting: Passwall (safe; 7% risk of failure)
Confirm with . or Enter, or press ? or * to list all spells.
Aiming: Passwall (safe; 7% risk of failure)
Press: ? - help, Dir - move target A rock wall.
The black bear bites you but does no damage.
The black bear claws you but does no damage.
The black bear misses you.
You begin to meditate on the wall.
You continue meditating on the rock.
The black bear bites you.
* * * LOW HITPOINT WARNING * * *
The black bear claws you.
You die...

#.,,, ##.....# #..,,
#######.....# #..
#.....'.....# ,* ##...,
#.#####.....#
......####'#####.....#
......'.....s...†....# ,
......###...###s#.......
....., *#...#
#h#..(....* , ....,
#...# #@#....... .?. ,
+...# #.#....... .. , ,
#...# #.#....... .,
##### #.# * ,, * #.# * ,
#.# ,* * * * #.# , , ..#
*


You could see a black bear and a scorpion.

Vanquished Creatures
  A phantom (D:4)
  2 hounds (D:4)
  Ijyb (D:3)
  An adder (D:2)
  2 worms (D:2)
  2 dart slugs
  3 orcs
  2 ball pythons
  An endoplasm (D:3)
  2 goblins
  2 hobgoblins
  2 quokkas
  3 bats
  A frilled lizard (D:2)
  8 kobolds
  3 rats
  A spectral hobgoblin (D:3)
37 creatures vanquished.

Notes
Turn   | Place    | Note
-------+----------+-------------------------------------------
     0 | D:1      | FexLirch the Meteoran Earth Elementalist began the quest
                  | for the Orb.
     0 | D:1      | Reached XP level 1. HP: 14/14 MP: 5/5
   152 | D:2      | Reached skill level 1 in Conjurations
   152 | D:2      | Reached XP level 2. HP: 17/20 MP: 0/7
   188 | D:2      | Reached skill level 4 in Earth Magic
   188 | D:2      | Reached XP level 3. HP: 15/26 MP: 1/8
   290 | D:3      | Learned a level 2 spell: Passwall
   294 | D:3      | Learned a level 3 spell: Stone Arrow
   300 | D:3      | Found a blossoming altar of Fedhas.
   375 | D:4      | Reached XP level 4. HP: 32/33 MP: 6/10
   386 | D:4      | Found a staircase to the Ecumenical Temple.
   392 | Temple   | Entered the Ecumenical Temple
   502 | Temple   | Became a worshipper of Cheibriados the Contemplative
   544 | D:4      | Reached XP level 5. HP: 38/38 MP: 8/12
   548 | D:3      | Noticed Ijyb
   555 | D:3      | Killed Ijyb
   637 | D:4      | Noticed a phantom
   671 | D:4      | Killed a phantom
   672 | D:4      | Reached skill level 5 in Earth Magic
   672 | D:4      | Reached XP level 6. HP: 40/45 MP: 6/14
   764 | D:3      | Got the Grimoire of the Planar Lungs
   776 | D:3      | Found a faded altar of an unknown god.
   822 | D:4      | Noticed a black bear
   836 | D:4      | HP: 2/45 [black bear (6)]
   836 | D:4      | Slain by a black bear

Illustrated notes

Levels and vault maps discovered:
D:1:      minmay_arrival_open_corners, layout_loops_ring, serial_shops,
          nicolae_square_shop, minmay_crystal_water, serial_bayou_crossing
D:2:      layout_basic, dreamdust_princess_bridge
D:3:      layout_loops_ring, fedhas_altar_4, grunt_temple_overflow_open,
          dreamdust_ecumenical_altar_drowned_temple, uniq_ijyb
D:4:      layout_basic, minmay_temple_entry_overgrown
Temple:   hc_temple_tempest_star

Skill      XL: |  1  2  3  4  5 |
---------------+----------------+-----
Spellcasting   | 3 4 |  4.7
Conjurations   | 1 2 3 |  3.6
Earth Magic    | 4 5 |  5.2
Dodging        | |  2.4
Stealth        | |  1.4
Transmutations | |  1.2

Action                   |  1- 3 |  4- 6 || total
-------------------------+-------+-------++-------
Melee: Short sword       |     6 |       ||     6
 Cast: Sandblast         |    34 |    33 ||    67
       Passwall          |     1 |     3 ||     4
       Stone Arrow       |       |     1 ||     1
Armor: Leather armour    |    14 |    13 ||    27
Dodge: Dodged            |    18 |    24 ||    42
